 Dungeon Crawl Stone Soup version 0.30.0 (webtiles) character file.

Game seed: 260328313503117800

17 Conn the Firebug (level 2, -4/17 HPs)
             Began as an Octopode Fire Elementalist on May 6, 2023.
             Slain by a gnoll sergeant
             ... wielding a +0 trident
              (7 damage)
             ... on level 4 of the Dungeon.
             The game lasted 00:06:28 (1046 turns).

Conn the Firebug (Octopode Fire Elementalist)       Turns: 1046, Time: 00:06:29

Health: -4/17      AC:  1    Str:  7    XL:     2   Next: 62%
Magic:  0/5        EV: 13    Int: 17    God:
Gold:   65         SH:  0    Dex: 12    Spells: 2/5 levels left

rFire   . . .        d - staff of earth
rCold   . . .        (no shield)
rNeg    . . .        (helmet restricted)
rPois   .            (no amulet)
rElec   .            (no ring)
rCorr   .            (no ring)
SInv    .            (no ring)
Will    .....        (no ring)
Stlth   +++          (no ring)
HPRegen 0.22/turn    (no ring)
MPRegen 0.09/turn    (no ring)
                     (no ring)

%: no passive effects
@: no status effects
A: almost no armour, amphibious, 8 rings, camouflage 1, gelatinous body 1,
(nimble swimmer 1), tentacles
a: no special abilities


You were on level 4 of the Dungeon.
You visited 1 branch of the dungeon, and saw 3 of its levels.

You collected 65 gold pieces.

Inventory:

Magical Staves
 d - a staff of earth (weapon)
Scrolls
 h - a scroll of poison {unknown}
Potions
 f - a potion of flight


   Skills:
 + Level 2.1 Dodging
 + Level 2.8 Stealth
 + Level 2.3 Spellcasting
 + Level 1.0 Conjurations
 + Level 3.4 Fire Magic


You had 2 spell levels left.
You knew the following spells:

 Your Spells              Type           Power      Damage    Failure   Level
a - Foxfire               Conj/Fire      36%        2x1d5     8%          1
b - Scorch                Fire           26%        2d6       7%          2

Your spell library contained the following spells:

 Spells                   Type           Power      Damage    Failure   Level
 Cigotuvi's Dreadful Rot  Necr/Pois/Air  2%         N/A       28%         2
 Inner Flame              Hex/Fire       7%         N/A       28%         3
 Volatile Blastmotes      Fire/Tloc      14%        2d11      28%         3
 Ignite Poison            Fire/Tmut/Pois 5%         N/A       34%         3
 Flame Wave               Conj/Fire      9%         2d6       58%         4
 Freezing Cloud           Conj/Ice/Air   1%         6-21      99%         5


Dungeon Overview and Level Annotations

Branches:
Dungeon (2/15)

Altars:

Annotations:
D:4 Ijyb


Innate Abilities, Weirdness & Mutations

You cannot wear most types of armour.
You are amphibious.
You can wear up to eight rings at the same time.
Your skin changes colour to match your surroundings (Stealth+).
Your rubbery body absorbs attacks. (AC +1, EV +1)
((You are camouflaged when in or above water. (Stealth+)))
You have tentacles for arms and can constrict up to eight enemies at once.


Message History

Aim: a gnoll sergeant, wielding a +0 trident and wearing a +0 scale mail (moderately wounded, 64% to hit)
You throw a poisoned dart.
The poisoned dart hits the gnoll sergeant.
The gnoll sergeant is poisoned.
The gnoll sergeant is moderately wounded.
Unknown command.
You see here a +0 mace.
Casting: Foxfire (safe; 8% risk of failure)
Confirm with . or Enter, or press ? or * to list all spells.
You conjure some foxfire!
Unknown command.
The foxfire hits the gnoll sergeant but does no damage.
The gnoll sergeant is moderately wounded.
The foxfire hits the gnoll sergeant but does no damage.
The gnoll sergeant is moderately wounded.
Magic courses through your body.
The gnoll sergeant hits you from afar with a +0 trident.
Casting: Foxfire (safe; 8% risk of failure)
Confirm with . or Enter, or press ? or * to list all spells.
Flames lash the gnoll sergeant.
The gnoll sergeant is severely wounded.
The gnoll sergeant's fire resistance burns away.
The gnoll sergeant closely misses you.
Casting: Scorch (safe; 7% risk of failure)
Confirm with . or Enter, or press ? or * to list all spells.
Flames lash the gnoll sergeant.
The gnoll sergeant is burned terribly!
The gnoll sergeant is almost dead.
The gnoll sergeant looks more healthy.
The gnoll sergeant hits you from afar with a +0 trident!
Ouch! That really hurt!
* * * LOW HITPOINT WARNING * * *
Unknown command.
Unknown command.
Unknown command.
Unknown command.
Casting: Scorch (safe; 7% risk of failure)
Confirm with . or Enter, or press ? or * to list all spells.
You conjure some foxfire!
The gnoll sergeant hits you from afar with a +0 trident!
You die...

,,,,,+,,,+,,,,,,,*,,***,**,* **,*
,,,,,#...#,,,,,,,*,,*<,,**,* *,*
,,,,*#...#*,,,,,**,,******,****,,
,,,**#...#**,,,***,,,,* *,,,,***
##** #...# ##### *,**,* *,,,,*
...**#...###...##*,,,,* *,,,,*
....*#...##.....##,**,****,,,,*
.....#...#.....v.#,*,,,,,*,,,,*
[...(((..'....gv@#,*,**,,*,,,,***
.....#...#.......#,*,**,,,<,,,,,,
....*#...##.....##,*,*,,,,***,***
...**#...###...##*,*,****,***,*
##** #...# ##### *,*,* *,,,*,*
,,,**#...#**,,,***,*,* *,*,*,*
,,,,*#...#*,,,,,**,*,* *,,,,,***
,,,,,#...#,,,,,,,*,*,*******,,,,,
,,,,,+...+,,,,,,,*,*∩,,,,,,,,****


You could see a gnoll sergeant (combustible, ally target).

Vanquished Creatures
  An orc (D:4)
  2 ball pythons (D:1)
  2 endoplasms
  A giant cockroach (D:1)
  A goblin (D:4)
  2 hobgoblins (D:1)
  A quokka (D:2)
  2 bats (D:1)
  2 rats (D:1)
14 creatures vanquished.

Vanquished Creatures (others)
  57 foxfires
  4 toadstools (D:1)
61 creatures vanquished.

Grand Total: 75 creatures vanquished

Notes
Turn   | Place    | Note
-------+----------+-------------------------------------------
     0 | D:1      | Conn the Octopode Fire Elementalist began the quest for the
                  | Orb.
     0 | D:1      | Reached XP level 1. HP: 11/11 MP: 3/3
   302 | D:1      | Reached XP level 2. HP: 17/17 MP: 1/5
   801 | D:2      | Learned a level 2 spell: Scorch
   872 | D:2      | You fall into a shaft and drop 2 floors!
   945 | D:4      | Noticed Ijyb
  1023 | D:4      | Noticed a gnoll sergeant
  1046 | D:4      | Slain by a gnoll sergeant

Illustrated notes

Levels and vault maps discovered:
D:1:      ldierk_walled_garden_2, layout_basic
D:2:      layout_loops_cross, serial_bayou_pond_a, minmay_misc_feat_columns
D:4:      kennysheep_six_static_rooms, layout_basic,
          mainiacjoe_overflow_alcove_1, serial_shops, shop, shop, shop,
          uniq_ijyb

Action                     || total
---------------------------++-------
  Melee: Unarmed           ||     5
         Tentacles         ||     3
         Constrict         ||     2
         Staff             ||     1
  Throw: Dart              ||     6
   Cast: Foxfire           ||    35
         Scorch            ||     2
    Use: Potion            ||     3
         Scroll            ||     2
  Dodge: Dodged            ||     9
